 Dungeon Crawl Stone Soup version 0.28-a0-1130-gc51a68064b (webtiles) character file.

Game seed: 15517957547407242039

3980 Gwenloh the Summoner (level 10, -2/77 HPs)
             Began as a Barachi Summoner on Dec 12, 2021.
             Was an Initiate of Yredelemnul.
             Slain by a cyclops (26 damage)
             ... on level 7 of the Dungeon.
             The game lasted 00:30:23 (11705 turns).

Gwenloh the Summoner (Barachi Summoner)            Turns: 11705, Time: 00:30:23

Health: -2/77      AC: 11    Str: 11    XL:     10   Next: 22%
Magic:  15/19      EV: 11    Int: 19    God:    Yredelemnul [......]
Gold:   265        SH:  0    Dex: 12    Spells: 8/21 levels left

rFire   . . .      SeeInvis .   t - +0 trident
rCold   . . .      Faith    .   (no shield)
rNeg    . . .      Spirit   .   j - +0 acid dragon scales
rPois   .          Reflect  .   m - +0 helmet
rElec   .          Harm     .   p - +0 cloak
rCorr   +          Rampage  .   (no gloves)
Will    .....                   b - +0 pair of boots
Stlth   +.........              (no amulet)
HPRegen 0.22/turn               (no ring)
MPRegen 0.16/turn               (no ring)

@: unable to hop, slow
A: amphibious, slowness 1, strong legs 1, +LOS
a: Hop, Renounce Religion, Recall Undead Harvest


You were on level 7 of the Dungeon.
You worshipped Yredelemnul.
Yredelemnul was noncommittal.
You visited 2 branches of the dungeon, and saw 8 of its levels.

You collected 305 gold pieces.
You spent 40 gold pieces at shops.

Inventory:

Hand Weapons
 f - a +0 dagger
 t - a +0 trident (weapon)
Missiles
 g - 123 stones (quivered)
 i - 37 poisoned darts
 u - 6 boomerangs
Armour
 a - a +0 robe
 b - a +0 pair of boots (worn)
 j - +0 acid dragon scales (worn)
 m - a +0 helmet (worn)
 p - a +0 cloak (worn)
 q - a +0 leather armour
Magical Staves
 o - a staff of earth
Jewellery
 r - a ring of protection from fire
 G - a ring of protection from fire
Wands
 h - a wand of polymorph (4)
 A - a wand of charming (11)
Scrolls
 d - 2 scrolls of fog {unknown}
 k - 7 scrolls of identify
 v - 3 scrolls of teleportation {unknown}
 x - a scroll of brand weapon {unknown}
 y - 2 scrolls of amnesia {unknown}
 B - a scroll of immolation {unknown}
 D - a scroll of blinking {unknown}
 E - a scroll of enchant weapon {unknown}
 F - a scroll of vulnerability {unknown}
Potions
 c - a potion of curing
 e - 2 potions of attraction {unknown}
 l - 2 potions of haste {unknown}
 n - 2 potions of heal wounds {unknown}
 s - a potion of might {unknown}
 w - 3 potions of mutation {unknown}
 z - a potion of berserk rage {unknown}
 C - a potion of invisibility
 H - a potion of resistance {unknown}


   Skills:
 + Level 6.8 Fighting
 + Level 5.5 Polearms
 + Level 7.0 Armour
 - Level 2.1 Dodging
 - Level 1.7 Stealth
 + Level 6.2 Spellcasting
 * Level 11.2 Summonings


You had 8 spell levels left.
You knew the following spells:

 Your Spells              Type           Power      Damage    Failure   Level
a - Summon Small Mammal   Summ           100%       N/A       1%          1
b - Call Imp              Summ           48%        N/A       1%          2
c - Call Canine Familiar  Summ           48%        N/A       1%          3
d - Summon Guardian Gole  Hex/Summ       27%        N/A       4%          3
e - Summon Lightning Spi  Summ/Air       27%        N/A       16%         4

Your spell library contained the following spells:

 Spells                   Type           Power      Damage    Failure   Level
 Slow                     Hex            20%        N/A       16%         1
 Sting                    Tmut/Pois      20%        1d4       16%         1
 Poisonous Vapours        Pois/Air       10%        N/A       24%         2
 Static Discharge         Conj/Air       5%         N/A       24%         2
 Sublimation of Blood     Necr           5%         N/A       24%         2
 Wereblood                Tmut           5%         N/A       24%         2
 Confusing Touch          Hex            5%         N/A       43%         3
 Vampiric Draining        Necr           5%         2d6       43%         3
 Summon Hydra             Summ           24%        N/A       78%         7
 Dispel Undead            Necr           5%         3d7       85%         4
 Olgreb's Toxic Radiance  Pois           5%         N/A       85%         4
 Sticky Flame             Conj/Fire      5%         2d3       85%         4


Dungeon Overview and Level Annotations

Branches:
Dungeon (7/15)             Temple (1/1) D:6

Altars:
Ashenzari
Cheibriados
Dithmenos
Elyvilon
Fedhas
Gozag
Hepliaklqana
Kikubaaqudgha
Makhleb
Nemelex Xobeh
Okawaru
Qazlal
Ru
Sif Muna
Trog
Uskayaw
Vehumet
Wu Jian
Xom
Yredelemnul
Zin
The Shining One

Shops:
D:3 *!*

Annotations:
D:7 3 runed translucent doors


Innate Abilities, Weirdness & Mutations

You are amphibious.
You cover ground slowly.
You can hop short distances.
You have an extended range of vision and can be seen from far away.


Message History

Your wolf bites the manticore!
Your crimson imp barely misses the manticore.
The manticore misses your wolf.
The manticore completely misses your wolf.
The manticore closely misses your wolf.
You strike the helpless manticore from behind!
You hit the manticore but do no damage.
The manticore is severely wounded.
Your wolf barely misses the manticore.
The manticore bites you! The manticore claws you!
* * * LOW HITPOINT WARNING * * *
The manticore misses you.
Your wolf bites the manticore.
Your crimson imp hits the manticore but does no damage.
You hit the manticore.
You kill the manticore!
Your Armour skill increases to level 7!
Your lightning spire disappears in a puff of smoke!
A cyclops comes into view.
What are your orders? t - Croak!
Orders for allies: a - Attack new target. r - Retreat! s - Stop attacking. g - Guard the area. f - Follow me.
Anything else - Cancel.
Gang up on whom?
Press: ? - help, Dir - move target, f - cyclops
Aim: a cyclops, quivering large rocks Attack!
Things that are here:
a +1 halberd of venom; a +0 plate armour Your crimson imp blinks!
Your wolf bites the cyclops but does no damage.
Your wolf bites the cyclops!
Your wolf barely misses the cyclops.
Your wolf bites the cyclops.
Your wolf disappears in a puff of smoke!
Hop to where?
Press: ? - help, Dir - move target, p - cyclops Boing!
The cyclops hits you!!
You die...
Your body rises from the dead as a mindless zombie.

###..###........#
#....###.....## ###
###....###...# ##.#
#....#...###.####..#
#).........'....)..#
#.##..##.###.....###
#.##...###......##
##(.8###...#....#
###..###.......5@.##
#.(###.........C...###
.(##...........○.....#
###............#####..#
#............### ##.#
....)##......## #
...#####......# ### #
..## #...#..# #.# ##
..# #...#..# ##.######.


You could see a cyclops (ally target) and a friendly crimson imp (summoned).

Vanquished Creatures
  A manticore (D:7)
  The ghost of wineyard the Cudgeller, a novice GnCK of Xom (D:5)
  An ogre (D:7)
  A centaur (D:7)
  3 phantoms
  A water moccasin zombie (D:6)
  A water moccasin skeleton (D:4)
  A wight (D:7)
  A bullfrog zombie (D:6)
  2 centaur zombies
  3 hounds
  A bullfrog skeleton (D:5)
  3 iguanas
  A centaur skeleton (D:5)
  A hound skeleton (D:4)
  5 adders
  2 gnolls (D:2)
  An ufetubus (D:7)
  A dart slug (D:3)
  3 orcs
  2 endoplasms
  2 giant cockroaches
  18 goblins
  8 hobgoblins
  4 jackals
  5 kobolds
  2 quokkas
  6 ball pythons (D:1)
  8 bats
  6 frilled lizards
  7 rats
102 creatures vanquished.

Vanquished Creatures (collateral kills)
  A cyclops (D:7)
  A centaur zombie (D:7)
  An unseen horror (D:7)
  2 water moccasins
  2 black bears (D:5)
  An orc warrior (D:7)
  A sky beast (D:6)
  A centaur (D:5)
  A nameless horror (D:7)
  A wyvern zombie (D:6)
  A scorpion (D:6)
  3 wights (D:7)
  A howler monkey (D:6)
  A hound (D:5)
  A gnoll shaman (D:5)
  A killer bee zombie (D:7)
  A hound zombie (D:5)
  A howler monkey zombie (D:5)
  Robin (D:2)
  2 adders
  5 gnolls
  4 orcs
  An endoplasm (D:1)
  3 goblins
  2 jackals
  2 kobolds (D:1)
  3 rats
45 creatures vanquished.

Vanquished Creatures (others)
  A steam dragon (D:7)
  An acid dragon (D:5)
  A centaur zombie (D:7)
  An adder (D:5)
  An adder zombie (D:6)
  2 orc zombies (D:7)
  A spectral ufetubus (D:7)
8 creatures vanquished.

Grand Total: 155 creatures vanquished

Notes
Turn   | Place    | Note
-------+----------+-------------------------------------------
     0 | D:1      | Gwenloh the Barachi Summoner began the quest for the Orb.
     0 | D:1      | Reached XP level 1. HP: 13/13 MP: 3/3
    35 | D:1      | Reached skill level 5 in Summonings
   543 | D:1      | You fall into a shaft and drop 1 floor!
   589 | D:2      | Reached XP level 2. HP: 20/20 MP: 5/5
   594 | D:2      | Learned a level 2 spell: Call Imp
   645 | D:1      | Found a faded altar of an unknown god.
  1123 | D:1      | Reached skill level 1 in Fighting
  1384 | D:1      | Reached XP level 3. HP: 3/26 MP: 3/6
  1400 | D:1      | Reached skill level 1 in Armour
  2085 | D:2      | Noticed Robin
  2429 | D:2      | Killed Robin
  2430 | D:2      | Reached XP level 4. HP: 18/32 MP: 5/7
  2642 | D:2      | Reached skill level 1 in Polearms
  2830 | D:1      | Learned a level 3 spell: Call Canine Familiar
  3371 | D:3      | Found Fycitebu's General Store.
  3371 | D:3      | Found Geuhoy's Distillery.
  3383 | D:3      | Bought a scroll of identify for 20 gold pieces
  3383 | D:3      | Bought a scroll of identify for 20 gold pieces
  3407 | D:3      | Reached skill level 6 in Summonings
  3492 | D:2      | Reached XP level 5. HP: 27/38 MP: 0/9
  3811 | D:3      | Found Lusuz's General Store.
  4757 | D:4      | Reached XP level 6. HP: 42/44 MP: 10/10
  5780 | D:5      | Entered Level 5 of the Dungeon
  5959 | D:5      | Reached skill level 7 in Summonings
  6142 | D:5      | Reached XP level 7. HP: 12/52 MP: 6/12
  6146 | D:5      | Learned a level 3 spell: Summon Guardian Golem
  6472 | D:5      | Found a runed translucent gate.
  6473 | D:5      | Found a runed translucent gate.
  6474 | D:5      | Found a runed translucent gate.
  6574 | D:5      | Found a burning altar of Makhleb.
  6578 | D:5      | Found a glowing golden altar of the Shining One.
  6925 | D:5      | HP: 2/52 [poisoned by an orc wizard]
  7404 | D:5      | Reached skill level 8 in Summonings
  7404 | D:5      | Reached XP level 8. HP: 36/60 MP: 6/14
  7426 | D:5      | HP: 3/60 [hound (3)]
  7427 | D:5      | HP: 1/60 [hound (2)]
  7770 | D:5      | Found a bloodstained altar of Trog.
  7775 | D:5      | Found a sacrificial altar of Ru.
  8219 | D:5      | Noticed wineyard's ghost (novice GnCK)
  8393 | D:5      | Killed wineyard's ghost
  8394 | D:5      | Reached skill level 9 in Summonings
  8582 | D:6      | Found a staircase to the Ecumenical Temple.
  8599 | D:6      | Reached skill level 5 in Armour
  8892 | D:5      | Found a shimmering altar of Xom.
  8892 | D:5      | Found a basalt altar of Yredelemnul.
  8935 | Temple   | Entered the Ecumenical Temple
  9091 | D:5      | Became a worshipper of Yredelemnul the Dark
  9159 | D:6      | Reached skill level 5 in Fighting
  9159 | D:6      | Reached XP level 9. HP: 61/68 MP: 16/16
  9167 | D:6      | Reached skill level 5 in Spellcasting
 10388 | D:7      | Reached * piety under Yredelemnul
 10402 | D:7      | Reached skill level 10 in Summonings
 10408 | D:7      | Learned a level 4 spell: Summon Lightning Spire
 10959 | D:7      | Identified the +7 dagger "Simedokh" {spect, rF+}
 10980 | D:7      | Found a runed translucent door.
 10980 | D:7      | Noticed a cyclops
 10980 | D:7      | Noticed a cyclops
 10981 | D:7      | Noticed a boulder beetle
 10981 | D:7      | Found a runed translucent door.
 11503 | D:7      | Found a runed translucent door.
 11503 | D:7      | Noticed a cyclops
 11512 | D:7      | Noticed a cyclops
 11528 | D:7      | Reached skill level 5 in Polearms
 11545 | D:7      | Noticed a manticore
 11546 | D:7      | Killed a cyclops
 11546 | D:7      | Killed an unseen horror
 11547 | D:7      | Reached skill level 11 in Summonings
 11547 | D:7      | Reached XP level 10. HP: 49/77 MP: 8/19
 11680 | D:7      | Killed a manticore
 11696 | D:7      | Noticed a cyclops
 11705 | D:7      | Slain by a cyclops

Illustrated notes

Levels and vault maps discovered:
D:1:      minmay_arrival_five_plusses, layout_basic, basic_ecumenical_altar,
          chequers_serial_rivers_micro_c
D:2:      layout_rooms, uniq_robin
D:3:      layout_loops_cross, serial_shops, nicolae_shop_window_shopping, shop,
          shop, minmay_misc_feat_nine_boxes, st_stairs_3, grunt_ministairs_1,
          minmay_goblin_outpost
D:4:      layout_gridville
D:5:      layout_rooms, nicolae_overflow_hidden_temple, minitemple,
          ebering_ghost_rock_garden, minmay_joined_circles
D:6:      layout_basic, temple_fountains, roderic_nine_men_s_morris
D:7:      minmay_the_grid_triangle_9x9_recursive_2
          [minmay_the_grid_triangle_9x9_prize_center,
          minmay_the_grid_triangle_9x9_shrine,
          minmay_the_grid_triangle_9x9_fully_insulated_deathbox,
          minmay_the_grid_triangle_9x9_swiss_cheese], layout_layer_cave,
          amcnicky_mini_rare_corridor_liquid, kennysheep_crisscross,
          grunt_decor_cap
Temple:   eino_temple_rhombus

Skill      XL: |  1  2  3  4  5  6  7  8  9 10 |
---------------+-------------------------------+-----
Summonings     | 5 6 7 8 9 11 | 11.2
Fighting       | 1 2 3 5 6 |  6.8
Armour         | 1 2 3 5 6 7 |  7.0
Polearms       | 1 2 3 4 5 |  5.5
Spellcasting   | 3 4 6 |  6.2
Dodging        | |  2.1
Stealth        | |  1.7

Action                   |  1- 3 |  4- 6 |  7- 9 | 10-12 || total
-------------------------+-------+-------+-------+-------++-------
Melee: Unarmed           |    35 |       |       |       ||    35
       Spear             |   124 |   227 |       |       ||   351
       Trident           |       |    46 |   259 |     2 ||   307
Throw: Stone             |    28 |    85 |    29 |       ||   142
 Cast: Summon Small Mamm |    16 |     2 |     5 |       ||    23
       Call Imp          |     2 |     7 |     8 |     1 ||    18
       Call Canine Famil |       |    13 |    19 |     3 ||    35
       Summon Guardian G |       |       |     8 |       ||     8
       Summon Lightning  |       |       |     4 |     1 ||     5
Invok: Recall Undead Har |       |       |     1 |       ||     1
 Abil: Hop               |     1 |     1 |     2 |     1 ||     5
Evoke: Wand              |       |       |     1 |       ||     1
  Use: Potion            |       |       |     4 |       ||     4
 Stab: Sleeping          |     6 |       |       |       ||     6
       Distracted        |       |     2 |     3 |     1 ||     6
Armor: Robe              |    35 |    32 |       |       ||    67
       Leather armour    |       |    71 |    37 |       ||   108
       Skin              |       |       |     1 |       ||     1
       Acid dragon scale |       |       |   106 |     3 ||   109
Dodge: Dodged            |   104 |   168 |   181 |     4 ||   457

Table legend: (Time is in decaauts)
 A = Elapsed time spent in this place.
 B = Non-inter-level travel time spent in this place.
 C = Inter-level travel time spent in this place.
 D = Time resting spent in this place.
 E = Time spent auto-exploring this place.
 F = Levels seen in this place.
 G = Mean time per level.
                   A        B        C        D        E       F      G
               +--------+--------+--------+--------+--------+-----+--------+
         Total |  12739 |  12120 |    619 |   1532 |   8286 |   8 | 1592.4 |
       Dungeon |  12568 |  11949 |    619 |   1532 |   8140 |   7 | 1795.4 |
        Temple |    171 |    171 |      0 |      0 |    145 |   1 |  171.0 |
               +--------+--------+--------+--------+--------+-----+--------+

Top non-repeatable levels by time:
     D:5: 2610 daAuts
     D:1: 2194 daAuts
     D:4: 1694 daAuts
     D:7: 1691 daAuts
     D:6: 1636 daAuts
     D:2: 1526 daAuts
     D:3: 1214 daAuts
  Temple: 171 daAuts
